 Dungeon Crawl Stone Soup version 0.30-a0-879-ga8ba668304 (webtiles) character file.

Game seed: 14409479871211495117

46 ragingrage the Shooter (level 3, 0/26 HPs)
             Began as a Barachi Hexslinger on Mar 13, 2023.
             Slain by an adder (4 damage)
             ... on level 2 of the Dungeon.
             The game lasted 00:01:30 (1065 turns).

ragingrage the Shooter (Barachi Hexslinger)         Turns: 1065, Time: 00:01:31

Health: 0/26       AC:  2    Str: 11    XL:     3   Next: 68%
Magic:  3/4        EV: 12    Int: 13    God:
Gold:   71         SH:  0    Dex: 14    Spells: 0/4 levels left

rFire   . . .      SeeInvis .    a - +2 sling
rCold   . . .      Faith    .    (no shield)
rNeg    . . .      Spirit   .    c - +0 robe
rPois   .          Reflect  .    (no helmet)
rElec   .          Rampage  .    (no cloak)
rCorr   .                        (no gloves)
Will    .....                    (no boots)
Stlth   ++                       (no amulet)
HPRegen 0.24/turn                (no ring)
MPRegen 0.09/turn                (no ring)

@: unable to hop, attractive, slow
A: amphibious, slowness 1, strong legs 1, +LOS
a: Hop


You were on level 2 of the Dungeon.
You visited 1 branch of the dungeon, and saw 2 of its levels.

You collected 71 gold pieces.

Inventory:

Hand Weapons
 a - a +2 sling (weapon)
Armour
 c - a +0 robe (worn)
Scrolls
 b - a scroll of poison
 i - a scroll of identify
 k - 2 scrolls of fog
Potions
 f - a potion of brilliance {unknown}
 h - a potion of magic {unknown}
 j - a potion of haste {unknown}


   Skills:
 - Level 1.2 Fighting
 + Level 3.6 Ranged Weapons
 - Level 2.1 Dodging
 + Level 1.2 Stealth
 - Level 1.1 Spellcasting
 - Level 3.2 Hexes


You couldn't memorise any spells.
You knew the following spells:

 Your Spells              Type           Power      Damage    Failure   Level
a - Slow                  Hex            36%        N/A       8%          1
b - Inner Flame           Hex/Fire       4%         N/A       38%         3

Your spell library contained the following spells:

 Spells                   Type           Power      Damage    Failure   Level
 Portal Projectile        Hex/Tloc       8%         N/A       38%         3
 Cause Fear               Hex            4%         N/A       58%         4


Dungeon Overview and Level Annotations

Branches:
Dungeon (2/15)

Altars:


Innate Abilities, Weirdness & Mutations

You are amphibious.
You cover ground slowly.
You can hop short distances.
You have an extended range of vision and can be seen from far away.


Message History

You shoot a sling bullet. The sling bullet hits the adder.
The adder bites you.
Fire: a) +2 sling
Aim: an adder (severely wounded, slow, 40% to hit)
You shoot a sling bullet.
The sling bullet barely misses the adder.
The adder is no longer moving slowly.
The adder bites you but does no damage. The adder bites you.
* * * LOW HITPOINT WARNING * * *
Fire: a) +2 sling
Aim: an adder (severely wounded, 40% to hit)
You shoot a sling bullet.
The sling bullet closely misses the adder.
The adder barely misses you.
Fire: a) +2 sling
Aim: an adder (severely wounded, 40% to hit)
You shoot a sling bullet. The sling bullet misses the adder.
The adder barely misses you. x2
Fire: a) +2 sling
Aim: an adder (severely wounded, 40% to hit)
You shoot a sling bullet.
The sling bullet completely misses the adder.
The adder bites you.
* * * LOW HITPOINT WARNING * * *
Fire: a) +2 sling
Aim: an adder (severely wounded, 40% to hit)
You shoot a sling bullet.
The sling bullet barely misses the adder.
The adder barely misses you. The adder bites you.
* * * LOW HITPOINT WARNING * * *
It was a potion of attraction.
You feel attractive to monsters. The adder bites you but does no damage.
Unknown command.
Fire: a) +2 sling
Aim: an adder (severely wounded, 40% to hit)
You shoot a sling bullet.
The sling bullet closely misses the adder.
The adder bites you.
You die...

#.# #.# #.# #.# #.#.#. ..
#.# #(# ...... S.# #.# #.#
#.#.. ).S #.# #.# ..... ....
#.# #.######.#.# ..## #.#
#.##...#.#.# ..... #.#
##.##.#.#.#.##....#
##.#######.@S...............
#...........#...†)......$.#
#........#.#####.#.#.###.##
#...)###.#....##.#.#+#
#......#.####.##.#..
#....#.#.#.......#...
#.#..#.#......####....
#.#..#.#....... ......
#.#..#.#....### ###.##.


You could see an adder.

Vanquished Creatures
  2 adders (D:2)
  2 ball pythons
  7 endoplasms
  3 goblins (D:1)
  3 hobgoblins (D:1)
  3 kobolds
  2 bats (D:1)
  2 frilled lizards
  A rat (D:1)
25 creatures vanquished.

Notes
Turn   | Place    | Note
-------+----------+-------------------------------------------
     0 | D:1      | ragingrage the Barachi Hexslinger began the quest for the
                  | Orb.
     0 | D:1      | Reached XP level 1. HP: 15/15 MP: 2/2
   143 | D:1      | Reached XP level 2. HP: 15/21 MP: 1/3
   758 | D:2      | Reached XP level 3. HP: 17/26 MP: 4/4
   811 | D:2      | Learned a level 3 spell: Inner Flame
  1049 | D:2      | Reached skill level 1 in Stealth
  1065 | D:2      | Slain by an adder

Illustrated notes

Levels and vault maps discovered:
D:1:      minmay_arrival_hallway, layout_basic, serial_aquarium,
          aquarium_bridge_square [aquarium_subvault_bridge,
          aquarium_subvault_wall, aquarium_subvault_wall,
          aquarium_subvault_bridge], aquarium_window_2, aquarium_window_corner,
          aquarium_view_2b, aquarium_view_2e, aquarium_pool_side
D:2:      layout_basic, ebering_ecumenical_altar_petrified, basic_altar

Skill      XL: |  1  2  3 |
---------------+----------+-----
Ranged Weapons | 3 |  3.6
Stealth        | 1 |  1.2
Fighting       | |  1.2
Dodging        | |  2.1
Spellcasting   | |  1.1
Hexes          | |  3.2

Action                     || total
---------------------------++-------
   Fire: Sling             ||   111
   Cast: Slow              ||    12
Ability: Hop               ||     3
    Use: Scroll            ||     3
         Potion            ||     1
 Armour: Robe              ||     6
  Dodge: Dodged            ||    46

Table legend: (Time is in decaauts)
 A = Elapsed time spent in this place.
 B = Non-inter-level travel time spent in this place.
 C = Inter-level travel time spent in this place.
 D = Time resting spent in this place.
 E = Time spent auto-exploring this place.
 F = Levels seen in this place.
 G = Mean time per level.
                   A        B        C        D        E       F      G
               +--------+--------+--------+--------+--------+-----+--------+
         Total |   1205 |   1194 |     11 |    259 |    704 |   2 |  602.5 |
       Dungeon |   1205 |   1194 |     11 |    259 |    704 |   2 |  602.5 |
               +--------+--------+--------+--------+--------+-----+--------+

Top non-repeatable levels by time:
     D:1: 813 daAuts
     D:2: 391 daAuts
